 Seeded DCSS version 0.30.1-9-gdf580d7c3d (webtiles) character file.

Game seed: 920673320228942481 (custom seed)

2 Psyclone the Magician (level 1, 15/15 HPs)
             Began as a Djinni Earth Elementalist on Oct 15, 2023.
             Quit the game on level 1 of the Dungeon.
             The game lasted 00:01:22 (52 turns).

Psyclone the Magician (Djinni Earth Elementalist)     Turns: 52, Time: 00:01:23

Health: 15/15      AC:  2    Str:  6    XL:     1   Next: 44%
Gold:   0          EV: 12    Int: 15    God:
                   SH:  0    Dex: 17

rFire   + + .        (no weapon)
rCold   x . .        (no shield)
rNeg    . . .        a - +0 robe
rPois   ∞            (no helmet)
rElec   .            (no cloak)
rCorr   .            (no gloves)
SInv    .            (boots unavailable)
Will    .....        (no amulet)
Stlth   ++           (no ring)
HPRegen 0.22/turn    (no ring)
MPRegen 0.00/turn

%: no passive effects
@: flying
A: sickness immunity, fire resistance 2, cold vulnerability 1, float, innate
caster, HP casting, extra vitality 1, agile 1
a: no special abilities


You were on level 1 of the Dungeon.
You visited 1 branch of the dungeon, and saw 1 of its levels.

Inventory:

Armour
 a - a +0 robe (worn)


   Skills:
 + Level 2.3 Dodging
 + Level 1.6 Stealth
 + Level 2.4 Spellcasting


You knew the following spells:

 Your Spells              Type           Power      Damage    Failure   Level
a - Sandblast             Erth           18%        2d7       8%          1
b - Passwall              Tmut/Erth      7%         N/A       12%         2
c - Stone Arrow           Conj/Erth      18%        3d8       22%         3
d - Petrify               Tmut/Erth      9%         N/A       58%         4
Your spell library was empty.

Dungeon Overview and Level Annotations

Branches:
Dungeon (1/15) Zot: 5947

Altars:


Innate Abilities, Weirdness & Mutations

You are immune to sickness and miasma.
You are immune to poison.
Your flesh is very heat resistant. (rF++)
You are vulnerable to cold. (rC-)
You float through the air rather than walking.
You learn spells naturally, not from books.
Your magical power is your life essence.
You have superior vitality. (+4 MHP)
You are agile. (Dex +4, Str/Int -1)


Message History

Welcome, Psyclone the Djinni Earth Elementalist.
Game seed: 920673320228942481 (custom seed) Press ? for a list of commands and other information.
Found a staircase leading out of the dungeon.
You begin with the following spells memorised: Sandblast, Passwall, Stone Arrow, Petrify.
Found 4 gold pieces.
A dart slug comes into view.
Cast which spell? (? or * to list)
Aiming: Sandblast (safe; 8% risk of failure)
Press: ? - help, Shift-Dir - straight line, f - dart slug
Aim: a dart slug (100% to hit)
The blast of sand hits the dart slug.
The dart slug is heavily wounded.
The dart slug launches a dart at you. The slug dart hits you.
You take 2 damage, and have 13/15 hp.
Casting: Sandblast (safe; 8% risk of failure)
Confirm with . or Enter, or press ? or * to list all spells.
Aiming: Sandblast (safe; 8% risk of failure)
Press: ? - help, Shift-Dir - straight line, f/p - dart slug
Aim: a dart slug (heavily wounded, 100% to hit)
The blast of sand hits the dart slug.
You kill the dart slug!
You take 1 damage, and have 12/15 hp.
You start resting.
HP restored.
Health restored: 15 You reach down and open the door.
Found a spear.
Found 9 stones.
There is an open door here.
Found a fizzy ruby potion.
b - a fizzy ruby potion It was a potion of mutation.
You feel extremely strange.
You feel agile.
Unknown command.
Unknown command.
Are you sure you want to abandon this character and quit the game? (Confirm with "yes".)

###### #....#
#....# #)...#
######..(.#
..........#
##############..@.#
.............#.####
.###.........#.#
...#.#########'####
#.#..............#
#.......†........#
#................#
#....#####.......#
##....# #.......#


There were no monsters in sight!

Vanquished Creatures
  A dart slug (D:1)
1 creature vanquished.

Notes
Turn   | Place    | Note
-------+----------+-------------------------------------------
     0 | D:1      | Psyclone the Djinni Earth Elementalist began the quest for
                  | the Orb.
     0 | D:1      | Psyclone set off with the following spells memorised:
                  | Sandblast, Passwall, Stone Arrow, Petrify.
     0 | D:1      | Reached XP level 1. HP: 15/15 MP: 0/0
    51 | D:1      | Gained mutation: You are agile. (Dex +4, Str/Int -1)
                  | [potion of mutation]
    52 | D:1      | Quit the game

Illustrated notes

Levels and vault maps discovered:
D:1:      dpeg_arrival_orchard, layout_basic

Action                     || total
---------------------------++-------
   Cast: Sandblast         ||     2
    Use: Potion            ||     1
